Monsters vs Sound Tigers
Created - January 15, 2022 at 21:39
Goals
|
| Monsters |
1 |
0 |
3 |
4 |
| Sound Tigers |
1 |
1 |
5 |
7 |
|
Shots
|
| Monsters |
15 |
5 |
15 |
35 |
| Sound Tigers |
9 |
10 |
24 |
43 |
|
1st period
1. Monsters , Matt Calvert 12 (Christian Hanson 12) at 1:04 (PP)
2. Sound Tigers , Ryan Bourque 7 (Julian Melchiori 7) at 18:17
Penalties :
James Sheppard (BRI) for Holding (Minor) at 0:51, James Sheppard (BRI) for Interference (Minor) at 5:25, Ryan Bourque (BRI) for Diving (Minor) at 14:31
2nd period
3. Sound Tigers , James Livingstone 6 (Ryan Bourque 8, James Sheppard 9) at 11:33 (PP)
Penalties :
Rhett Gardner (BRI) for Interference (Minor) at 2:17, Joakim Nordstrom (Cle) for Holding Stick (Minor) at 10:40, James Livingstone (BRI) for Interference (Minor) at 16:34
3rd period
4. Sound Tigers , Josh Archibald 1 (Ben Johnson 3, Brad Ross 1) at 6:21
5. Monsters , Ondrej Kase 7 (Matt Calvert 8, Matt Grzelcyk 8) at 10:13
6. Sound Tigers , James Sheppard 9 (James Livingstone 8, Ryan Bourque 9) at 11:54 (PP)
7. Sound Tigers , James Livingstone 7 (James Sheppard 10, Ryan Bourque 10) at 13:23 (PP)
8. Sound Tigers , Rhett Gardner 2 (Ben Thomson 8, Borna Rendulic 7) at 17:53 (PP)
9. Monsters , Ondrej Kase 8 (Morgan Rielly 7, Matt Calvert 9) at 18:40
10. Sound Tigers , Pavel Kraskovsky 7 (Dylan McIlrath 9) at 19:38
11. Monsters , Matt Calvert 13 (Christian Hanson 13, Matt Grzelcyk 9) at 19:51
Penalties :
James Livingstone (BRI) for Hooking (Minor) at 2:01, Slater Koekkoek (BRI) for Holding (Minor) at 7:32, Ondrej Kase (Cle) for Tripping (Minor) at 7:52, Matt Grzelcyk (Cle) for Holding (Minor) at 11:29, Marc Michaelis (Cle) for Holding Stick (Minor) at 13:19, Bobby Farnham (Cle) for High sticking (Minor) at 17:47
Goalie Stats
Eric Comrie (Cle), 36 saves from 43 shots - (0.837), L, 5-1-1, 60:00 minutes
Pavel Francouz (BRI), 31 saves from 35 shots - (0.886), W, 8-5-2, 60:00 minutes
Players Stats for Monsters
Player Name G A P +/- PIM S H SB GA TA FO MP PP MP PK MP
------------------------------------------------------------------------------------
Aaron Ness 0 0 0 -2 0 2 1 2 1 0 0/0 30:09 5:51 1:10
Austin Watson 0 0 0 -2 0 1 0 0 0 1 0/0 17:02 4:30 0:00
Bobby Farnham 0 0 0 -1 2 1 3 0 0 0 0/0 9:34 0:05 0:00
Cameron Hughes 0 0 0 0 0 0 0 0 0 0 0/0 0:00 0:00 0:00
Christian Hanson 0 2 2 3 0 2 3 1 0 0 24/40 25:12 5:50 1:32
Dillon Heatherington 0 0 0 2 0 2 1 0 1 1 0/0 20:02 4:37 0:38
Francis Perron 0 0 0 0 0 0 0 0 0 0 0/0 0:00 0:00 0:00
Jared Knight 0 0 0 -2 0 1 1 0 0 0 9/16 17:02 4:30 0:00
Joakim Nordstrom 0 0 0 -1 2 2 2 0 0 0 0/0 9:12 0:00 0:00
Marc Michaelis 0 0 0 0 2 3 0 0 0 0 0/1 6:48 0:00 0:00
Matt Calvert 2 2 4 3 0 5 3 2 2 0 3/9 25:20 5:53 1:32
Matt Grzelcyk 0 2 2 2 2 1 2 1 0 1 0/0 20:01 4:37 0:38
Maxim Mamin 0 0 0 0 0 2 0 0 0 0 3/4 6:49 0:00 0:00
Mitch Marner 0 0 0 -2 0 1 2 1 0 0 0/0 18:16 4:30 0:16
Morgan Rielly 0 1 1 -2 0 2 1 5 0 2 0/0 30:09 5:51 1:10
Nathan Noel 0 0 0 0 0 0 1 0 0 0 0/0 0:30 0:08 0:00
Ondrej Kase 2 0 2 3 2 5 1 0 1 0 1/3 23:14 5:49 0:16
Patrik Laine 0 0 0 0 0 0 1 0 0 0 0/1 1:28 0:08 0:00
Richard Nejezchleb 0 0 0 0 0 3 0 0 0 0 0/0 6:49 0:00 0:00
Ryan Fitzgerald 0 0 0 -1 0 1 0 0 0 0 1/6 9:13 0:00 0:00
Tarmo Reunanen 0 0 0 0 0 0 1 0 0 0 0/0 9:49 0:00 0:00
Victor Mete 0 0 0 0 0 1 0 1 0 0 0/0 9:49 0:00 0:00
Players Stats for Sound Tigers
Player Name G A P +/- PIM S H SB GA TA FO MP PP MP PK MP
------------------------------------------------------------------------------------
Alexander Yelesin 0 0 0 0 0 1 1 0 0 0 0/0 11:26 0:20 0:00
Ben Johnson 0 1 1 1 0 1 2 0 0 0 1/4 8:23 0:00 2:20
Ben Thomson 0 1 1 0 0 1 3 1 1 1 0/0 17:51 0:17 4:35
Blake Speers 0 0 0 0 0 0 0 0 0 0 0/0 0:00 0:00 0:00
Borna Rendulic 0 1 1 0 0 3 2 0 1 0 2/3 14:57 0:17 1:41
Brad Ross 0 1 1 1 0 1 1 0 0 0 1/1 6:55 0:00 1:10
Brandon Gignac 0 0 0 0 0 0 0 0 0 0 1/2 3:20 0:00 3:13
Casey Staum 0 0 0 1 0 0 0 0 0 0 0/0 10:17 0:00 0:00
David Broll 0 0 0 0 0 0 0 0 0 0 0/0 0:31 0:00 0:13
Dylan McIlrath 0 1 1 0 0 1 0 0 1 1 0/0 28:27 1:16 5:44
Gabriel Carlsson 0 0 0 -1 0 2 1 1 0 2 0/0 21:16 0:32 4:44
Garret Pilon 0 0 0 0 0 0 0 0 0 0 0/0 0:23 0:00 0:00
James Livingstone 2 1 3 -2 4 7 1 1 0 0 1/2 22:58 1:31 3:37
James Sheppard 1 2 3 -2 4 9 4 0 0 0 4/8 23:33 1:31 4:07
Josh Archibald 1 0 1 1 0 1 0 0 0 0 0/0 5:45 0:00 0:00
Julian Melchiori 0 1 1 0 0 3 1 2 2 1 0/0 28:27 1:16 5:44
Pavel Kraskovsky 1 0 1 1 0 1 0 0 0 0 4/7 10:45 0:00 0:00
Rhett Gardner 1 0 1 0 2 2 1 0 0 0 8/15 13:02 0:17 0:00
Ryan Bourque 1 3 4 -1 2 6 0 0 0 0 17/38 17:12 1:11 0:00
Scott Glennie 0 0 0 1 0 0 0 0 0 0 0/0 10:45 0:00 0:00
Slater Koekkoek 0 0 0 -1 2 3 2 0 0 0 0/0 20:48 0:32 4:44
Tyrell Goulbourne 0 0 0 1 0 1 4 0 0 0 0/0 10:45 0:00 0:00
3 Stars
1 - Matt Calvert (Cle)
2 - Ondrej Kase (Cle)
3 - Ryan Bourque (BRI)
Power Play
Monsters - 1 on 7 Attempt(s) - 14.29%
Sound Tigers - 4 on 5 Attempt(s) - 80.00%
Penalty Kill
Monsters - 1 on 5 Attempt(s) - 20.00%
- Score 0 goal in Penalty Kill
Sound Tigers - 6 on 7 Attempt(s) - 85.71%
- Score 0 goal in Penalty Kill
Team Stat
Monsters - Hits : 23 - Faceoff Wins : 41 - Blocked Shots : 13 - Penalty Minutes : 10
Sound Tigers - Hits : 23 - Faceoff Wins : 39 - Blocked Shots : 5 - Penalty Minutes : 14
Official
Referees : Eric Furlatt and Beaudry Halkidis
Linesman : Derek Nansen and James Tobias
Game Notes
No Game Note
Finance
Level 1 -- Attendance: 1960 (98.00%) -- Ticket Income $68,600
Level 2 -- Attendance: 1000 (100.00%) -- Ticket Income $15,000
Total Attendance: 2960 (98.67%)
Total Ticket Income: $83,600
Other Income: $4,180
Total Income: $87,780
Monsters
5 vs 5 Forward
Center Left Wing Right Wing Time % Phy DF OF
1 Christian Hanson Matt Calvert Ondrej Kase 40 1 2 2
2 Jared Knight Austin Watson Mitch Marner 30 1 2 2
3 Ryan Fitzgerald Joakim Nordstrom Bobby Farnham 20 1 2 2
4 Maxim Mamin Marc Michaelis Richard Nejezchleb 10 1 2 2
5 vs 5 Defense
Defense Defense Time % Phy DF OF
1 Morgan Rielly Aaron Ness 40 1 2 2
2 Dillon Heatherington Matt Grzelcyk 30 1 2 2
3 Victor Mete Tarmo Reunanen 20 1 2 2
4 Morgan Rielly Aaron Ness 10 1 2 2
PowerPlay Forward
Center Left Wing Right Wing Time % Phy DF OF
1 Christian Hanson Matt Calvert Ondrej Kase 60 1 2 2
2 Jared Knight Austin Watson Mitch Marner 40 1 2 2
PowerPlay Defense
Defense Defense Time % Phy DF OF
1 Morgan Rielly Aaron Ness 60 1 2 2
2 Dillon Heatherington Matt Grzelcyk 40 1 2 2
Penalty Kill 4 Players Forward
Center Wing Time % Phy DF OF
1 Matt Calvert Christian Hanson 60 1 2 2
2 Ondrej Kase Mitch Marner 40 1 2 2
Penalty Kill 4 Players Defense
Defense Defense Time % Phy DF OF
1 Morgan Rielly Aaron Ness 60 1 2 2
2 Dillon Heatherington Matt Grzelcyk 40 1 2 2
Penalty Kill - 3 Players Forward
Forward Time % Phy DF OF
1 Matt Calvert 60 1 2 2
2 Christian Hanson 40 1 2 2
Penalty Kill - 3 Players Defense
Defense Defense Time % Phy DF OF
1 Morgan Rielly Aaron Ness 60 1 2 2
2 Dillon Heatherington Matt Grzelcyk 40 1 2 2
4 vs 4 Forward
Center Wing Time % Phy DF OF
1 Matt Calvert Christian Hanson 60 1 2 2
2 Ondrej Kase Mitch Marner 40 1 2 2
4 vs 4 Defense
Defense Defense Time % Phy DF OF
1 Morgan Rielly Aaron Ness 60 1 2 2
2 Dillon Heatherington Matt Grzelcyk 40 1 2 2
Last Minutes Offensive
Center Left Wing Right Wing Defense Defense
Christian Hanson Matt Calvert Ondrej Kase Morgan Rielly Aaron Ness
Last Minutes Defensive
Center Left Wing Right Wing Defense Defense
Christian Hanson Matt Calvert Ondrej Kase Morgan Rielly Aaron Ness
Goaltenders
Starting : Eric Comrie
Backup : Phoenix Copley
Extra Forwards
Normal : Patrik Laine, Nathan Noel, Francis Perron - PP : Patrik Laine, Nathan Noel - PK : Francis Perron
Extra Defensemen
Normal : Victor Mete, Tarmo Reunanen, Dillon Heatherington - PP : Victor Mete - PK : Tarmo Reunanen, Dillon Heatherington
Penalty Shots
Matt Calvert, Christian Hanson, Ondrej Kase, Mitch Marner, Bobby Farnham
Scratches
Dominik Simon (Strained Left Knee Injury), Peyton Jones (Healthy)
Sound Tigers
5 vs 5 Forward
Center Left Wing Right Wing Time % Phy DF OF
1 Ryan Bourque James Sheppard James Livingstone 40 1 2 2
2 Rhett Gardner Ben Thomson Borna Rendulic 30 1 2 2
3 Pavel Kraskovsky Tyrell Goulbourne Scott Glennie 20 1 2 2
4 Ben Johnson Brad Ross Josh Archibald 10 1 2 2
5 vs 5 Defense
Defense Defense Time % Phy DF OF
1 Dylan McIlrath Julian Melchiori 40 1 2 2
2 Slater Koekkoek Gabriel Carlsson 30 1 2 2
3 Alexander Yelesin Casey Staum 20 1 2 2
4 Dylan McIlrath Julian Melchiori 10 1 2 2
PowerPlay Forward
Center Left Wing Right Wing Time % Phy DF OF
1 Ryan Bourque James Sheppard James Livingstone 60 1 2 2
2 Rhett Gardner Ben Thomson Borna Rendulic 40 1 2 2
PowerPlay Defense
Defense Defense Time % Phy DF OF
1 Dylan McIlrath Julian Melchiori 60 1 2 2
2 Slater Koekkoek Gabriel Carlsson 40 1 2 2
Penalty Kill 4 Players Forward
Center Wing Time % Phy DF OF
1 James Sheppard James Livingstone 60 1 2 2
2 Borna Rendulic Ben Thomson 40 1 2 2
Penalty Kill 4 Players Defense
Defense Defense Time % Phy DF OF
1 Dylan McIlrath Julian Melchiori 60 1 2 2
2 Slater Koekkoek Gabriel Carlsson 40 1 2 2
Penalty Kill - 3 Players Forward
Forward Time % Phy DF OF
1 James Sheppard 60 1 2 2
2 James Livingstone 40 1 2 2
Penalty Kill - 3 Players Defense
Defense Defense Time % Phy DF OF
1 Dylan McIlrath Julian Melchiori 60 1 2 2
2 Slater Koekkoek Gabriel Carlsson 40 1 2 2
4 vs 4 Forward
Center Wing Time % Phy DF OF
1 James Sheppard James Livingstone 60 1 2 2
2 Borna Rendulic Ben Thomson 40 1 2 2
4 vs 4 Defense
Defense Defense Time % Phy DF OF
1 Dylan McIlrath Julian Melchiori 60 1 2 2
2 Slater Koekkoek Gabriel Carlsson 40 1 2 2
Last Minutes Offensive
Center Left Wing Right Wing Defense Defense
Ryan Bourque James Sheppard James Livingstone Dylan McIlrath Julian Melchiori
Last Minutes Defensive
Center Left Wing Right Wing Defense Defense
Ryan Bourque James Sheppard James Livingstone Dylan McIlrath Julian Melchiori
Goaltenders
Starting : Pavel Francouz
Backup : Sean Maguire
Extra Forwards
Normal : Garret Pilon, Blake Speers, Brandon Gignac - PP : Garret Pilon, Blake Speers - PK : Brandon Gignac
Extra Defensemen
Normal : Alexander Yelesin, Casey Staum, Slater Koekkoek - PP : Alexander Yelesin - PK : Casey Staum, Slater Koekkoek
Penalty Shots
James Sheppard, James Livingstone, Borna Rendulic, Ben Thomson, Ryan Bourque
Scratches
Garret Ross (Healthy), Joe Labate (Healthy), Chris Driedger (Healthy)
% Time on Ice - Monsters
Lines # - Real PCT - Wanted PCT - Time Play
Normal Forward
1 - 38% - 40% - 17:31
2 - 27% - 30% - 12:32
3 - 20% - 20% - 9:13
4 - 15% - 10% - 6:49
Normal Defense
1 - 43% - 40% - 19:38
2 - 31% - 30% - 14:14
3 - 21% - 20% - 9:49
4 - 5% - 10% - 2:24
PP Forward
1 - 57% - 60% - 5:58
2 - 43% - 40% - 4:30
PP Defense
1 - 56% - 60% - 5:51
2 - 44% - 40% - 4:37
PK Forward
1 - 85% - 60% - 1:32
2 - 15% - 40% - 0:16
PK Defense
1 - 65% - 60% - 1:10
2 - 35% - 40% - 0:38
PK3 Forward
1 - 0% - 60%
2 - 0% - 40%
PK3 Defense
1 - 0% - 60%
2 - 0% - 40%
44 Forward
1 - 41% - 60% - 0:41
2 - 59% - 40% - 0:58
44 Defense
1 - 67% - 60% - 1:06
2 - 33% - 40% - 0:33
Last Minute Offensive - 0:00
Last Minute Defensive - 0:00
Total
Forward - 60:00
Defense - 60:00
|
% Time on Ice - Sound Tigers
Lines # - Real PCT - Wanted PCT - Time Play
Normal Forward
1 - 38% - 40% - 17:33
2 - 26% - 30% - 12:02
3 - 23% - 20% - 10:45
4 - 12% - 10% - 5:45
Normal Defense
1 - 41% - 40% - 19:01
2 - 34% - 30% - 15:33
3 - 22% - 20% - 10:17
4 - 3% - 10% - 1:14
PP Forward
1 - 84% - 60% - 1:31
2 - 16% - 40% - 0:17
PP Defense
1 - 70% - 60% - 1:16
2 - 30% - 40% - 0:32
PK Forward
1 - 84% - 60% - 8:47
2 - 16% - 40% - 1:41
PK Defense
1 - 55% - 60% - 5:44
2 - 45% - 40% - 4:44
PK3 Forward
1 - 0% - 60%
2 - 0% - 40%
PK3 Defense
1 - 0% - 60%
2 - 0% - 40%
44 Forward
1 - 42% - 60% - 0:42
2 - 58% - 40% - 0:57
44 Defense
1 - 73% - 60% - 1:12
2 - 27% - 40% - 0:27
Last Minute Offensive - 0:00
Last Minute Defensive - 0:00
Total
Forward - 60:00
Defense - 60:00
|
Play-by-Play
1st period
0:01 of 1st period - Ryan Bourque wins face-off versus Christian Hanson in neutral zone.
0:11 of 1st period - Off-side.
0:12 of 1st period - Jared Knight wins face-off versus Rhett Gardner in neutral zone.
0:25 of 1st period - Wrist shot by Jared Knight.
0:25 of 1st period - Stopped by Pavel Francouz with a rebound.
0:27 of 1st period - Slapshot by Dillon Heatherington.
0:27 of 1st period - Deflect By Borna Rendulic.
0:27 of 1st period - Stopped by Pavel Francouz without a rebound.
0:28 of 1st period - Pavel Kraskovsky wins face-off versus Ryan Fitzgerald in Sound Tigers zone.
0:44 of 1st period - Snap shot by Joakim Nordstrom.
0:44 of 1st period - Stopped by Pavel Francouz without a rebound.
0:45 of 1st period - Christian Hanson wins face-off versus Ryan Bourque in Sound Tigers zone.
0:51 of 1st period - Minor Penalty to James Sheppard for Holding.
0:52 of 1st period - Christian Hanson wins face-off versus Brandon Gignac in Sound Tigers zone.
1:04 of 1st period - Wrist shot by Matt Calvert.
1:04 of 1st period - Goal by Matt Calvert - Monsters : 1 - Sound Tigers : 0.
1:05 of 1st period - Christian Hanson wins face-off versus Ryan Bourque in neutral zone.
1:37 of 1st period - Wrist shot by Ben Johnson.
1:37 of 1st period - Shot Hit the Post.
1:40 of 1st period - Icing by Christian Hanson.
1:41 of 1st period - Christian Hanson wins face-off versus Ben Johnson in Monsters zone.
1:48 of 1st period - Slapshot by Matt Calvert.
1:48 of 1st period - Shot Blocked by Gabriel Carlsson.
2:08 of 1st period - Slapshot by Slater Koekkoek.
2:08 of 1st period - Stopped by Eric Comrie with a rebound.
2:34 of 1st period - Snap shot by Matt Calvert.
2:34 of 1st period - Stopped by Pavel Francouz with a rebound.
2:36 of 1st period - Slapshot by Morgan Rielly.
2:36 of 1st period - Stopped by Pavel Francouz with a rebound.
2:38 of 1st period - Slapshot by Aaron Ness.
2:38 of 1st period - Shot Misses the Net.
2:40 of 1st period - Snap shot by Aaron Ness.
2:40 of 1st period - Stopped by Pavel Francouz without a rebound.
2:41 of 1st period - Rhett Gardner wins face-off versus Jared Knight in Sound Tigers zone.
2:51 of 1st period - Dillon Heatherington is hit by Borna Rendulic and loses puck.
3:14 of 1st period - Wrist shot by James Livingstone.
3:14 of 1st period - Stopped by Eric Comrie with a rebound.
3:36 of 1st period - Casey Staum is hit by Matt Grzelcyk.
3:40 of 1st period - Maxim Mamin is hit by Tyrell Goulbourne and loses puck.
4:17 of 1st period - Icing by Ryan Bourque.
4:18 of 1st period - Ryan Bourque wins face-off versus Jared Knight in Sound Tigers zone.
4:40 of 1st period - Icing by Gabriel Carlsson.
4:41 of 1st period - Pavel Kraskovsky wins face-off versus Marc Michaelis in Sound Tigers zone.
5:03 of 1st period - Icing by Gabriel Carlsson.
5:04 of 1st period - Jared Knight wins face-off versus Ryan Bourque in Sound Tigers zone.
5:17 of 1st period - Snap shot by Austin Watson.
5:17 of 1st period - Shot Misses the Net.
5:25 of 1st period - Minor Penalty to James Sheppard for Interference.
5:26 of 1st period - Brandon Gignac wins face-off versus Christian Hanson in Sound Tigers zone.
7:25 of 1st period - Penalty to James Sheppard is over, James Sheppard is back on ice.
7:25 of 1st period - James Livingstone is hit by Matt Grzelcyk and loses puck.
8:24 of 1st period - Wrist shot by James Sheppard.
8:24 of 1st period - Stopped by Eric Comrie without a rebound.
8:25 of 1st period - Christian Hanson wins face-off versus Ryan Bourque in Monsters zone.
8:34 of 1st period - Snap shot by Christian Hanson.
8:34 of 1st period - Stopped by Pavel Francouz with a rebound.
9:00 of 1st period - Snap shot by Bobby Farnham.
9:00 of 1st period - Stopped by Pavel Francouz with a rebound.
9:11 of 1st period - Off-side.
9:12 of 1st period - Rhett Gardner wins face-off versus Jared Knight in neutral zone.
9:23 of 1st period - Snap shot by Borna Rendulic.
9:23 of 1st period - Stopped by Eric Comrie with a rebound.
9:25 of 1st period - Slapshot by Ben Thomson.
9:25 of 1st period - Shot Misses the Net.
9:59 of 1st period - James Livingstone is hit by Matt Calvert and loses puck.
10:04 of 1st period - Snap shot by Matt Calvert.
10:04 of 1st period - Stopped by Pavel Francouz without a rebound.
10:05 of 1st period - Christian Hanson wins face-off versus Ryan Bourque in Sound Tigers zone.
10:30 of 1st period - Ben Thomson is hit by Bobby Farnham and loses puck.
10:55 of 1st period - Wrist shot by Maxim Mamin.
10:55 of 1st period - Deflect By Marc Michaelis.
10:55 of 1st period - Shot Blocked by Julian Melchiori.
10:55 of 1st period - Puck is out of play.
10:56 of 1st period - Pavel Kraskovsky wins face-off versus Maxim Mamin in Sound Tigers zone.
11:15 of 1st period - Alexander Yelesin is hit by Tarmo Reunanen and loses puck.
11:47 of 1st period - Snap shot by Maxim Mamin.
11:47 of 1st period - Shot Misses the Net.
11:49 of 1st period - Wrist shot by Marc Michaelis.
11:49 of 1st period - Shot Misses the Net.
11:51 of 1st period - Slapshot by Marc Michaelis.
11:51 of 1st period - Stopped by Pavel Francouz with a rebound.
12:05 of 1st period - Snap shot by Maxim Mamin.
12:05 of 1st period - Deflect By Richard Nejezchleb.
12:05 of 1st period - Stopped by Pavel Francouz without a rebound.
12:06 of 1st period - Ryan Bourque wins face-off versus Christian Hanson in Sound Tigers zone.
12:56 of 1st period - Morgan Rielly is hit by Slater Koekkoek.
13:01 of 1st period - Off-side.
13:02 of 1st period - Ryan Bourque wins face-off versus Christian Hanson in neutral zone.
13:54 of 1st period - Victor Mete is hit by Ben Johnson and loses puck.
14:09 of 1st period - Backhand shot by Scott Glennie.
14:09 of 1st period - Shot Misses the Net.
14:11 of 1st period - Snap shot by Scott Glennie.
14:11 of 1st period - Shot Blocked by Christian Hanson.
14:13 of 1st period - Snap shot by Gabriel Carlsson.
14:13 of 1st period - Shot Blocked by Matt Calvert.
14:31 of 1st period - Minor Penalty to Ryan Bourque for Diving.
14:32 of 1st period - Christian Hanson wins face-off versus James Sheppard in Sound Tigers zone.
16:31 of 1st period - Penalty to Ryan Bourque is over, Ryan Bourque is back on ice.
16:42 of 1st period - Slapshot by Morgan Rielly.
16:42 of 1st period - Stopped by Pavel Francouz with a rebound.
16:44 of 1st period - Snap shot by Joakim Nordstrom.
16:44 of 1st period - Stopped by Pavel Francouz without a rebound.
16:45 of 1st period - Brad Ross wins face-off versus Ryan Fitzgerald in Sound Tigers zone.
16:57 of 1st period - Josh Archibald is hit by Joakim Nordstrom and loses puck.
17:39 of 1st period - Icing by Borna Rendulic.
17:40 of 1st period - Christian Hanson wins face-off versus Borna Rendulic in Sound Tigers zone.
17:54 of 1st period - Wrist shot by Matt Calvert.
17:54 of 1st period - Shot Blocked by Ben Thomson.
18:17 of 1st period - Snap shot by Ryan Bourque.
18:17 of 1st period - Goal by Ryan Bourque - Monsters : 1 - Sound Tigers : 1.
18:18 of 1st period - Christian Hanson wins face-off versus Ryan Bourque in neutral zone.
18:23 of 1st period - Snap shot by James Sheppard.
18:23 of 1st period - Stopped by Eric Comrie with a rebound.
18:25 of 1st period - Slapshot by Dylan McIlrath.
18:25 of 1st period - Shot Blocked by Morgan Rielly.
18:40 of 1st period - Icing by Morgan Rielly.
18:41 of 1st period - Christian Hanson wins face-off versus Rhett Gardner in Monsters zone.
18:49 of 1st period - Off-side.
18:50 of 1st period - Jared Knight wins face-off versus Ryan Bourque in neutral zone.
19:01 of 1st period - Slapshot by Aaron Ness.
19:01 of 1st period - Deflect By James Livingstone.
19:01 of 1st period - Stopped by Pavel Francouz without a rebound.
19:02 of 1st period - Ryan Bourque wins face-off versus Ondrej Kase in Sound Tigers zone.
19:09 of 1st period - Slapshot by James Livingstone.
19:09 of 1st period - Deflect By James Sheppard.
19:09 of 1st period - Shot Misses the Net.
19:09 of 1st period - Puck is out of play.
19:10 of 1st period - James Sheppard wins face-off versus Christian Hanson in Monsters zone.
19:21 of 1st period - Wrist shot by James Livingstone.
19:21 of 1st period - Stopped by Eric Comrie with a rebound.
19:23 of 1st period - Snap shot by James Sheppard.
19:23 of 1st period - Stopped by Eric Comrie with a rebound.
19:25 of 1st period - Snap shot by Dylan McIlrath.
19:25 of 1st period - Stopped by Eric Comrie with a rebound.
Goals for this period are 1 for Monsters vs 1 for Sound Tigers.
Shots for this period are 15 for Monsters vs 9 for Sound Tigers.
2nd period
0:01 of 2nd period - James Livingstone wins face-off versus Christian Hanson in neutral zone.
0:16 of 2nd period - Wrist shot by Ryan Bourque.
0:16 of 2nd period - Stopped by Eric Comrie with a rebound.
0:23 of 2nd period - Icing by Matt Calvert.
0:24 of 2nd period - Rhett Gardner wins face-off versus Christian Hanson in Monsters zone.
1:34 of 2nd period - Off-side.
1:35 of 2nd period - Ben Johnson wins face-off versus Ryan Fitzgerald in neutral zone.
1:44 of 2nd period - Wrist shot by Joakim Nordstrom.
1:44 of 2nd period - Deflect By Ryan Fitzgerald.
1:44 of 2nd period - Stopped by Pavel Francouz without a rebound.
1:45 of 2nd period - Jared Knight wins face-off versus Ryan Bourque in Sound Tigers zone.
1:50 of 2nd period - Wrist shot by Mitch Marner.
1:50 of 2nd period - Shot Misses the Net.
2:17 of 2nd period - Minor Penalty to Rhett Gardner for Interference.
2:18 of 2nd period - James Sheppard wins face-off versus Christian Hanson in Sound Tigers zone.
2:18 of 2nd period - James Sheppard is hit by Aaron Ness.
2:43 of 2nd period - Julian Melchiori is hit by Mitch Marner and loses puck.
3:33 of 2nd period - Matt Calvert is hit by James Livingstone and loses puck.
4:08 of 2nd period - Dylan McIlrath is hit by Matt Calvert and loses puck.
4:17 of 2nd period - Penalty to Rhett Gardner is over, Rhett Gardner is back on ice.
4:30 of 2nd period - James Sheppard is hit by Morgan Rielly and loses puck.
5:18 of 2nd period - Mitch Marner is hit by Brad Ross and loses puck.
6:07 of 2nd period - Icing by Rhett Gardner.
6:08 of 2nd period - Maxim Mamin wins face-off versus Rhett Gardner in Sound Tigers zone.
6:09 of 2nd period - Snap shot by Richard Nejezchleb.
6:09 of 2nd period - Deflect By Maxim Mamin.
6:09 of 2nd period - Stopped by Pavel Francouz without a rebound.
6:10 of 2nd period - Maxim Mamin wins face-off versus Pavel Kraskovsky in Sound Tigers zone.
6:37 of 2nd period - Ondrej Kase is hit by Rhett Gardner.
6:46 of 2nd period - Snap shot by Ondrej Kase.
6:46 of 2nd period - Stopped by Pavel Francouz without a rebound.
6:47 of 2nd period - Jared Knight wins face-off versus James Livingstone in Sound Tigers zone.
6:54 of 2nd period - Austin Watson is hit by James Sheppard and loses puck.
7:13 of 2nd period - Ondrej Kase is hit by Ben Thomson and loses puck.
7:36 of 2nd period - Snap shot by Ben Johnson.
7:36 of 2nd period - Stopped by Eric Comrie with a rebound.
7:39 of 2nd period - Icing by Matt Grzelcyk.
7:40 of 2nd period - Ryan Fitzgerald wins face-off versus Ben Johnson in Monsters zone.
7:45 of 2nd period - Slapshot by Ben Johnson.
7:45 of 2nd period - Shot Misses the Net.
7:47 of 2nd period - Slapshot by Julian Melchiori.
7:47 of 2nd period - Stopped by Eric Comrie without a rebound.
7:48 of 2nd period - Christian Hanson wins face-off versus Ryan Bourque in Monsters zone.
8:01 of 2nd period - Snap shot by Dylan McIlrath.
8:01 of 2nd period - Shot Blocked by Aaron Ness.
8:26 of 2nd period - Snap shot by Ben Thomson.
8:26 of 2nd period - Shot Blocked by Morgan Rielly.
8:28 of 2nd period - Slapshot by Julian Melchiori.
8:28 of 2nd period - Stopped by Eric Comrie without a rebound.
8:29 of 2nd period - Rhett Gardner wins face-off versus Ryan Fitzgerald in Monsters zone.
8:50 of 2nd period - Gabriel Carlsson is hit by Dillon Heatherington and loses puck.
9:03 of 2nd period - Snap shot by Slater Koekkoek.
9:03 of 2nd period - Stopped by Eric Comrie without a rebound.
9:04 of 2nd period - Christian Hanson wins face-off versus Ryan Bourque in Monsters zone.
9:31 of 2nd period - Tyrell Goulbourne is hit by Christian Hanson.
9:57 of 2nd period - Matt Calvert is hit by Alexander Yelesin and loses puck.
10:40 of 2nd period - Minor Penalty to Joakim Nordstrom for Holding Stick.
10:41 of 2nd period - Ryan Bourque wins face-off versus Matt Calvert in Monsters zone.
10:49 of 2nd period - Wrist shot by Ryan Bourque.
10:49 of 2nd period - Shot Hit the Post.
10:51 of 2nd period - Snap shot by James Livingstone.
10:51 of 2nd period - Stopped by Eric Comrie with a rebound.
10:53 of 2nd period - Wrist shot by Dylan McIlrath.
10:53 of 2nd period - Shot Blocked by Morgan Rielly.
10:55 of 2nd period - Snap shot by Ryan Bourque.
10:55 of 2nd period - Stopped by Eric Comrie without a rebound.
10:56 of 2nd period - Ryan Bourque wins face-off versus Matt Calvert in Monsters zone.
11:21 of 2nd period - Dylan McIlrath is hit by Mitch Marner.
11:25 of 2nd period - Backhand shot by Julian Melchiori.
11:25 of 2nd period - Deflect By Ben Thomson.
11:25 of 2nd period - Shot Misses the Net.
11:25 of 2nd period - Puck is out of play.
11:26 of 2nd period - Ryan Bourque wins face-off versus Ondrej Kase in Monsters zone.
11:33 of 2nd period - Wrist shot by James Livingstone.
11:33 of 2nd period - Goal by James Livingstone - Monsters : 1 - Sound Tigers : 2.
11:34 of 2nd period - Ryan Bourque wins face-off versus Christian Hanson in neutral zone.
11:37 of 2nd period - Snap shot by James Sheppard.
11:37 of 2nd period - Stopped by Eric Comrie without a rebound.
11:38 of 2nd period - Ryan Bourque wins face-off versus Christian Hanson in Monsters zone.
11:45 of 2nd period - Wrist shot by James Sheppard.
11:45 of 2nd period - Shot Misses the Net.
11:47 of 2nd period - Slapshot by Dylan McIlrath.
11:47 of 2nd period - Shot Hit the Post.
11:51 of 2nd period - Snap shot by James Livingstone.
11:51 of 2nd period - Deflect By James Sheppard.
11:51 of 2nd period - Stopped by Eric Comrie with a rebound.
12:09 of 2nd period - Aaron Ness is hit by Borna Rendulic and loses puck.
12:29 of 2nd period - Gabriel Carlsson is hit by Bobby Farnham and loses puck.
13:15 of 2nd period - Wrist shot by Richard Nejezchleb.
13:15 of 2nd period - Stopped by Pavel Francouz without a rebound.
13:16 of 2nd period - Jared Knight wins face-off versus Ryan Bourque in Sound Tigers zone.
13:19 of 2nd period - Snap shot by Mitch Marner.
13:19 of 2nd period - Deflect By Austin Watson.
13:19 of 2nd period - Shot Misses the Net.
13:19 of 2nd period - Puck is out of play.
13:20 of 2nd period - Ryan Bourque wins face-off versus Jared Knight in Sound Tigers zone.
13:45 of 2nd period - Julian Melchiori is hit by Christian Hanson and loses puck.
13:50 of 2nd period - Slapshot by Christian Hanson.
13:50 of 2nd period - Shot Misses the Net.
14:08 of 2nd period - Gabriel Carlsson is hit by Bobby Farnham and loses puck.
14:29 of 2nd period - Mitch Marner is hit by Ben Johnson and loses puck.
15:55 of 2nd period - Snap shot by Austin Watson.
15:55 of 2nd period - Stopped by Pavel Francouz with a rebound.
16:01 of 2nd period - Slapshot by Dylan McIlrath.
16:01 of 2nd period - Shot Blocked by Morgan Rielly.
16:15 of 2nd period - Richard Nejezchleb is hit by Julian Melchiori and loses puck.
16:34 of 2nd period - Minor Penalty to James Livingstone for Interference.
16:35 of 2nd period - James Sheppard wins face-off versus Christian Hanson in Sound Tigers zone.
17:04 of 2nd period - Slapshot by Matt Grzelcyk.
17:04 of 2nd period - Shot Blocked by Julian Melchiori.
17:06 of 2nd period - Wrist shot by Jared Knight.
17:06 of 2nd period - Shot Misses the Net.
17:30 of 2nd period - Ben Thomson is hit by Christian Hanson and loses puck.
18:34 of 2nd period - Penalty to James Livingstone is over, James Livingstone is back on ice.
18:46 of 2nd period - James Livingstone is hit by Nathan Noel and loses puck.
18:57 of 2nd period - Slapshot by Scott Glennie.
18:57 of 2nd period - Shot Misses the Net.
19:21 of 2nd period - Alexander Yelesin is hit by Joakim Nordstrom and loses puck.
19:49 of 2nd period - Jared Knight is hit by James Sheppard and loses puck.
Goals for this period are 0 for Monsters vs 1 for Sound Tigers.
Shots for this period are 5 for Monsters vs 10 for Sound Tigers.
3rd period
0:01 of 3rd period - Ryan Bourque wins face-off versus Christian Hanson in neutral zone.
0:15 of 3rd period - Off-side.
0:16 of 3rd period - Jared Knight wins face-off versus Rhett Gardner in neutral zone.
0:51 of 3rd period - Slapshot by Slater Koekkoek.
0:51 of 3rd period - Shot Misses the Net.
0:53 of 3rd period - Slapshot by Scott Glennie.
0:53 of 3rd period - Deflect By Pavel Kraskovsky.
0:53 of 3rd period - Shot Misses the Net.
0:53 of 3rd period - Puck is out of play.
0:54 of 3rd period - Christian Hanson wins face-off versus Pavel Kraskovsky in Monsters zone.
1:13 of 3rd period - Matt Grzelcyk is hit by Tyrell Goulbourne.
1:52 of 3rd period - Slapshot by Marc Michaelis.
1:52 of 3rd period - Stopped by Pavel Francouz without a rebound.
1:53 of 3rd period - Christian Hanson wins face-off versus Ryan Bourque in Sound Tigers zone.
2:01 of 3rd period - Minor Penalty to James Livingstone for Hooking.
2:02 of 3rd period - Christian Hanson wins face-off versus James Sheppard in Sound Tigers zone.
3:07 of 3rd period - Christian Hanson is hit by Slater Koekkoek and loses puck.
4:01 of 3rd period - Penalty to James Livingstone is over, James Livingstone is back on ice.
4:33 of 3rd period - Snap shot by Richard Nejezchleb.
4:33 of 3rd period - Stopped by Pavel Francouz without a rebound.
4:34 of 3rd period - Maxim Mamin wins face-off versus Pavel Kraskovsky in Sound Tigers zone.
4:45 of 3rd period - Slapshot by Maxim Mamin.
4:45 of 3rd period - Stopped by Pavel Francouz without a rebound.
4:46 of 3rd period - Christian Hanson wins face-off versus Rhett Gardner in Sound Tigers zone.
5:01 of 3rd period - Snap shot by Borna Rendulic.
5:01 of 3rd period - Stopped by Eric Comrie with a rebound.
5:32 of 3rd period - Wrist shot by Pavel Kraskovsky.
5:32 of 3rd period - Shot Misses the Net.
5:34 of 3rd period - Slapshot by Scott Glennie.
5:34 of 3rd period - Shot Misses the Net.
5:36 of 3rd period - Snap shot by Pavel Kraskovsky.
5:36 of 3rd period - Shot Misses the Net.
5:38 of 3rd period - Snap shot by Scott Glennie.
5:38 of 3rd period - Deflect By Tyrell Goulbourne.
5:38 of 3rd period - Stopped by Eric Comrie with a rebound.
5:50 of 3rd period - Snap shot by Marc Michaelis.
5:50 of 3rd period - Deflect By Ben Johnson.
5:50 of 3rd period - Stopped by Pavel Francouz with a rebound.
5:53 of 3rd period - Icing by Casey Staum.
5:54 of 3rd period - Christian Hanson wins face-off versus Ben Johnson in Sound Tigers zone.
6:17 of 3rd period - Slapshot by Brad Ross.
6:17 of 3rd period - Stopped by Eric Comrie with a rebound.
6:19 of 3rd period - Wrist shot by Ben Johnson.
6:19 of 3rd period - Shot Blocked by Mitch Marner.
6:21 of 3rd period - Snap shot by Josh Archibald.
6:21 of 3rd period - Goal by Josh Archibald - Monsters : 1 - Sound Tigers : 3.
6:22 of 3rd period - Ryan Bourque wins face-off versus Christian Hanson in neutral zone.
6:24 of 3rd period - Off-side.
6:25 of 3rd period - Ryan Bourque wins face-off versus Christian Hanson in neutral zone.
6:32 of 3rd period - James Livingstone is hit by Ondrej Kase and loses puck.
6:41 of 3rd period - Wrist shot by Matt Calvert.
6:41 of 3rd period - Shot Hit the Post.
6:53 of 3rd period - Snap shot by Mitch Marner.
6:53 of 3rd period - Stopped by Pavel Francouz with a rebound.
7:32 of 3rd period - Minor Penalty to Slater Koekkoek for Holding.
7:33 of 3rd period - James Sheppard wins face-off versus Christian Hanson in Sound Tigers zone.
7:52 of 3rd period - Minor Penalty to Ondrej Kase for Tripping.
7:53 of 3rd period - Matt Calvert wins face-off versus James Sheppard in Monsters zone.
8:38 of 3rd period - Slapshot by Matt Grzelcyk.
8:38 of 3rd period - Stopped by Pavel Francouz without a rebound.
8:39 of 3rd period - Borna Rendulic wins face-off versus Patrik Laine in Sound Tigers zone.
8:57 of 3rd period - Mitch Marner is hit by Ben Thomson and loses puck.
9:18 of 3rd period - Ben Thomson is hit by Patrik Laine and loses puck.
9:25 of 3rd period - Slapshot by Dylan McIlrath.
9:25 of 3rd period - Shot Blocked by Aaron Ness.
9:27 of 3rd period - Slapshot by Alexander Yelesin.
9:27 of 3rd period - Stopped by Eric Comrie without a rebound.
9:28 of 3rd period - Matt Calvert wins face-off versus James Sheppard in Monsters zone.
9:32 of 3rd period - Penalty to Slater Koekkoek is over, Slater Koekkoek is back on ice.
9:50 of 3rd period - Matt Calvert is hit by Gabriel Carlsson and loses puck.
9:52 of 3rd period - Penalty to Ondrej Kase is over, Ondrej Kase is back on ice.
10:03 of 3rd period - Wrist shot by Matt Calvert.
10:03 of 3rd period - Shot Blocked by James Livingstone.
10:05 of 3rd period - Snap shot by Matt Grzelcyk.
10:05 of 3rd period - Shot Misses the Net.
10:07 of 3rd period - Slapshot by Matt Grzelcyk.
10:07 of 3rd period - Shot Misses the Net.
10:09 of 3rd period - Snap shot by Matt Grzelcyk.
10:09 of 3rd period - Shot Misses the Net.
10:11 of 3rd period - Snap shot by Matt Calvert.
10:11 of 3rd period - Stopped by Pavel Francouz with a rebound.
10:13 of 3rd period - Snap shot by Ondrej Kase.
10:13 of 3rd period - Goal by Ondrej Kase - Monsters : 2 - Sound Tigers : 3.
10:14 of 3rd period - Jared Knight wins face-off versus Rhett Gardner in neutral zone.
10:45 of 3rd period - Snap shot by Christian Hanson.
10:45 of 3rd period - Stopped by Pavel Francouz with a rebound.
10:51 of 3rd period - Slapshot by Julian Melchiori.
10:51 of 3rd period - Deflect By Borna Rendulic.
10:51 of 3rd period - Shot Blocked by Matt Calvert.
10:51 of 3rd period - Puck is out of play.
10:52 of 3rd period - Christian Hanson wins face-off versus Ryan Bourque in Monsters zone.
11:05 of 3rd period - Wrist shot by Ondrej Kase.
11:05 of 3rd period - Stopped by Pavel Francouz with a rebound.
11:07 of 3rd period - Snap shot by Christian Hanson.
11:07 of 3rd period - Shot Misses the Net.
11:17 of 3rd period - Mitch Marner is hit by Tyrell Goulbourne and loses puck.
11:29 of 3rd period - Minor Penalty to Matt Grzelcyk for Holding.
11:30 of 3rd period - Matt Calvert wins face-off versus Ryan Bourque in Monsters zone.
11:40 of 3rd period - Slapshot by Julian Melchiori.
11:40 of 3rd period - Deflect By Morgan Rielly.
11:40 of 3rd period - Stopped by Eric Comrie without a rebound.
11:41 of 3rd period - Ryan Bourque wins face-off versus Matt Calvert in Monsters zone.
11:52 of 3rd period - Snap shot by James Livingstone.
11:52 of 3rd period - Shot Misses the Net.
11:54 of 3rd period - Snap shot by James Sheppard.
11:54 of 3rd period - Goal by James Sheppard - Monsters : 2 - Sound Tigers : 4.
11:55 of 3rd period - Christian Hanson wins face-off versus Ryan Bourque in neutral zone.
12:22 of 3rd period - Snap shot by Rhett Gardner.
12:22 of 3rd period - Stopped by Eric Comrie with a rebound.
12:46 of 3rd period - Joakim Nordstrom is hit by Tyrell Goulbourne and loses puck.
13:19 of 3rd period - Minor Penalty to Marc Michaelis for Holding Stick.
13:20 of 3rd period - Ryan Bourque wins face-off versus Matt Calvert in Monsters zone.
13:23 of 3rd period - Backhand shot by James Livingstone.
13:23 of 3rd period - Goal by James Livingstone - Monsters : 2 - Sound Tigers : 5.
13:24 of 3rd period - Christian Hanson wins face-off versus Ryan Bourque in neutral zone.
13:49 of 3rd period - Austin Watson is hit by Ben Thomson and loses puck.
13:58 of 3rd period - Wrist shot by Mitch Marner.
13:58 of 3rd period - Shot Misses the Net.
14:58 of 3rd period - Snap shot by Marc Michaelis.
14:58 of 3rd period - Shot Misses the Net.
15:00 of 3rd period - Slapshot by Dillon Heatherington.
15:00 of 3rd period - Stopped by Pavel Francouz without a rebound.
15:01 of 3rd period - Rhett Gardner wins face-off versus Jared Knight in Sound Tigers zone.
15:01 of 3rd period - Rhett Gardner is hit by Jared Knight.
15:36 of 3rd period - Slapshot by Ryan Bourque.
15:36 of 3rd period - Stopped by Eric Comrie without a rebound.
15:37 of 3rd period - Christian Hanson wins face-off versus Ryan Bourque in Monsters zone.
15:40 of 3rd period - Snap shot by James Livingstone.
15:40 of 3rd period - Stopped by Eric Comrie with a rebound.
15:42 of 3rd period - Wrist shot by James Sheppard.
15:42 of 3rd period - Shot Misses the Net.
15:46 of 3rd period - Snap shot by James Sheppard.
15:46 of 3rd period - Stopped by Eric Comrie without a rebound.
15:47 of 3rd period - Christian Hanson wins face-off versus Ryan Bourque in Monsters zone.
15:52 of 3rd period - Snap shot by Victor Mete.
15:52 of 3rd period - Stopped by Pavel Francouz with a rebound.
16:31 of 3rd period - Snap shot by Ryan Bourque.
16:31 of 3rd period - Stopped by Eric Comrie with a rebound.
16:33 of 3rd period - Snap shot by James Livingstone.
16:33 of 3rd period - Shot Misses the Net.
16:35 of 3rd period - Backhand shot by Gabriel Carlsson.
16:35 of 3rd period - Stopped by Eric Comrie with a rebound.
16:37 of 3rd period - Wrist shot by James Livingstone.
16:37 of 3rd period - Deflect By Ryan Bourque.
16:37 of 3rd period - Stopped by Eric Comrie with a rebound.
16:39 of 3rd period - Slapshot by Gabriel Carlsson.
16:39 of 3rd period - Stopped by Eric Comrie with a rebound.
16:49 of 3rd period - Wrist shot by James Sheppard.
16:49 of 3rd period - Shot Misses the Net.
16:51 of 3rd period - Snap shot by Slater Koekkoek.
16:51 of 3rd period - Shot Blocked by Victor Mete.
16:53 of 3rd period - Wrist shot by James Sheppard.
16:53 of 3rd period - Stopped by Eric Comrie with a rebound.
16:55 of 3rd period - Wrist shot by Ryan Bourque.
16:55 of 3rd period - Shot Misses the Net.
16:57 of 3rd period - Snap shot by James Sheppard.
16:57 of 3rd period - Deflect By James Livingstone.
16:57 of 3rd period - Stopped by Eric Comrie with a rebound.
16:59 of 3rd period - Wrist shot by James Sheppard.
16:59 of 3rd period - Stopped by Eric Comrie with a rebound.
17:01 of 3rd period - Slapshot by Slater Koekkoek.
17:01 of 3rd period - Deflect By Tarmo Reunanen.
17:01 of 3rd period - Stopped by Eric Comrie without a rebound.
17:02 of 3rd period - Rhett Gardner wins face-off versus Jared Knight in Monsters zone.
17:03 of 3rd period - Slapshot by Ben Thomson.
17:03 of 3rd period - Shot Misses the Net.
17:05 of 3rd period - Backhand shot by Ben Thomson.
17:05 of 3rd period - Stopped by Eric Comrie without a rebound.
17:06 of 3rd period - Jared Knight wins face-off versus Rhett Gardner in Monsters zone.
17:35 of 3rd period - Snap shot by Pavel Kraskovsky.
17:35 of 3rd period - Shot Blocked by Morgan Rielly.
17:47 of 3rd period - Minor Penalty to Bobby Farnham for High sticking.
17:48 of 3rd period - Rhett Gardner wins face-off versus Matt Calvert in Monsters zone.
17:49 of 3rd period - Snap shot by Borna Rendulic.
17:49 of 3rd period - Shot Blocked by Matt Grzelcyk.
17:51 of 3rd period - Wrist shot by Borna Rendulic.
17:51 of 3rd period - Stopped by Eric Comrie without a rebound.
17:52 of 3rd period - Borna Rendulic wins face-off versus Matt Calvert in Monsters zone.
17:53 of 3rd period - Wrist shot by Ben Thomson.
17:53 of 3rd period - Deflect By Rhett Gardner.
17:53 of 3rd period - Goal by Rhett Gardner - Monsters : 2 - Sound Tigers : 6.
17:54 of 3rd period - Christian Hanson wins face-off versus Ryan Bourque in neutral zone.
18:01 of 3rd period - Wrist shot by Ondrej Kase.
18:01 of 3rd period - Stopped by Pavel Francouz without a rebound.
18:02 of 3rd period - Ondrej Kase wins face-off versus Ryan Bourque in Sound Tigers zone.
18:17 of 3rd period - Morgan Rielly is hit by James Sheppard and loses puck.
18:40 of 3rd period - Snap shot by Ondrej Kase.
18:40 of 3rd period - Goal by Ondrej Kase - Monsters : 3 - Sound Tigers : 6.
18:41 of 3rd period - Rhett Gardner wins face-off versus Jared Knight in neutral zone.
19:06 of 3rd period - James Sheppard is hit by Matt Calvert and loses puck.
19:24 of 3rd period - Icing by Ondrej Kase.
19:25 of 3rd period - Pavel Kraskovsky wins face-off versus Ryan Fitzgerald in Monsters zone.
19:38 of 3rd period - Snap shot by Pavel Kraskovsky.
19:38 of 3rd period - Goal by Pavel Kraskovsky - Monsters : 3 - Sound Tigers : 7.
19:39 of 3rd period - Ryan Bourque wins face-off versus Christian Hanson in neutral zone.
19:42 of 3rd period - Ondrej Kase is hit by James Sheppard and loses puck.
19:49 of 3rd period - Slapshot by Matt Grzelcyk.
19:49 of 3rd period - Shot Misses the Net.
19:51 of 3rd period - Snap shot by Christian Hanson.
19:51 of 3rd period - Deflect By Matt Calvert.
19:51 of 3rd period - Goal by Matt Calvert - Monsters : 4 - Sound Tigers : 7.
19:52 of 3rd period - Christian Hanson wins face-off versus Ryan Bourque in neutral zone.
Goals for this period are 3 for Monsters vs 5 for Sound Tigers.
Shots for this period are 15 for Monsters vs 24 for Sound Tigers.
Output by the SimonT Hockey Simulator (STHS) for Francois Prevost